 Dungeon Crawl Stone Soup version 0.17.1-3-g152610e (webtiles) character file.

1404 kaze the Covered (level 8, -3/51 HPs)
             Began as a Gargoyle Berserker on Mar 15, 2016.
             Was a Priest of Trog.
             Slain by an orc warrior
             ... wielding a +0 glaive
              (4 damage)
             ... on level 7 of the Dungeon.
             The game lasted 00:09:40 (5032 turns).

kaze the Covered (Gargoyle Berserker)               Turns: 5032, Time: 00:09:40

Health: -3/51      AC: 19    Str: 24    XL:     8   Next: 69%
Magic:  0/17       EV:  9    Int:  7    God:    Trog [***...]
Gold:   297        SH:  3    Dex:  9    Spells: 0 memorised, 7 levels left

rFire  . . .     SeeInvis .     n - +2 morningstar
rCold  . . .     Clarity  .     o - +1 chain mail
rNeg   + . .     SustAt   .     B - +0 buckler
rPois  ∞         Gourm    .     (no helmet)
rElec  +         Spirit   +     A - +0 cloak
rCorr  .         Warding  .     (no gloves)
rMut   .         Stasis   .     e - +0 pair of boots
MR     .....                    g - amulet of guardian spirit
Stlth  ..........               (no ring)
                                f - ring of magical power

@: exhausted, slowed, very slow, not resistant to hostile enchantments,
extremely unstealthy
A: negative energy resistance 1, electricity resistance, unbreathing,
petrification resistance, rot immunity, AC +5
a: Berserk, Trog's Hand, Burn Spellbooks, Renounce Religion


You were on level 7 of the Dungeon.
You worshipped Trog.
Trog was most pleased with you.
You were near starving.

You visited 1 branch of the dungeon, and saw 7 of its levels.

You collected 297 gold pieces.

Inventory:

Hand Weapons
 n - a +2 morningstar (weapon)
Missiles
 t - a throwing net (quivered)
 v - 2 tomahawks of returning
 w - 3 tomahawks
 y - 5 javelins
Armour
 e - a +0 pair of boots (worn)
 h - a +0 scale mail
 o - a +1 chain mail (worn)
 A - a +0 cloak (worn)
 B - a +0 buckler (worn)
Jewellery
 f - a ring of magical power (left hand)
 g - an amulet of guardian spirit (around neck)
 q - an uncursed ring of stealth {unknown}
Wands
 C - a wand of flame (30)
Scrolls
 a - a scroll of teleportation
 b - a scroll of fog
 c - 5 scrolls of magic mapping
 d - 8 scrolls of identify
 j - a scroll of noise {unknown}
 m - 2 scrolls of remove curse
Potions
 i - 2 potions of invisibility {unknown}
 k - 2 potions of lignification {unknown}
 l - 3 potions of mutation {unknown}
 r - a potion of ambrosia
 s - a potion of poison {unknown}
 z - a potion of heal wounds {unknown}
 D - a potion of berserk rage {unknown}
Comestibles
 p - 2 slices of pizza
 u - 5 meat rations
 x - a beef jerky


   Skills:
 + Level 5.9 Fighting
 + Level 4.9 Maces & Flails
 + Level 6.4 Armour
 + Level 4.2 Dodging
 - Level 0.5 Stealth
 + Level 0.2 Shields
 + Level 3.7 Unarmed Combat


You had 7 spell levels left.
You didn't know any spells.

Dungeon Overview and Level Annotations

Branches:
Dungeon (7/15)             Temple (0/1) D:6

Altars:
Ashenzari
Gozag
Makhleb
Qazlal
Vehumet
Yredelemnul


Innate Abilities, Weirdness & Mutations

You are resistant to torment.
Your stone body is resilient (AC +5).
You are immune to poison.
You resist negative energy.
You are resistant to electric shocks.
You can survive without breathing.
You are immune to petrification.
You are immune to rotting.


Message History

Something hits you but does no damage. The jackal closely misses you.
The orc warrior closely misses you. The jackal barely misses you.
Something hits you but does no damage.
You barely miss the orc warrior. The jackal closely misses you.
You block the jackal's attack. The jackal bites you.
* * * LOW HITPOINT WARNING * * *
The orc warrior closely misses you. Something hits you but does no damage.
The jackal bites you but does no damage.
The jackal closely misses you. Something hits you but does no damage.
The jackal bites you but does no damage.
You hit the orc warrior.
The orc warrior is lightly wounded.
The jackal barely misses you. x2
The orc warrior hits you with a glaive!
* * * LOW HITPOINT WARNING * * *
The jackal bites you but does no damage.
Something hits you but does no damage.
The jackal bites you but does no damage.
The jackal barely misses you. The orc warrior hits you with a glaive.
You die...

#..^.........#
###..
##...##......#
##.
#..##........#
##
##..##........#
#
#..###.....#...
##..##.....###.
.####
#...#......#
.....
##..{h.....#
.....
#...h@o....#
###..
............##
###
#..........?.# #
................
#
................
##
...........#####
...##.
........###
#.... ........#
##.## #.#


You could see an orc warrior and 2 jackals.

Vanquished Creatures
  Eustachio (D:5)
  A water moccasin (D:4)
  An orc warrior (D:6)
  An ogre (D:6)
  4 giant frogs (D:6)
  A scorpion (D:6)
  2 crimson imps (D:6)
  An iguana (D:6)
  Ijyb (D:2)
  A giant frog skeleton (D:6)
  3 hounds
  A jelly (D:4)
  4 orc wizards
  An orc priest (D:4)
  2 worker ants (D:4)
  A hound zombie (D:5)
  2 hound skeletons
  A mummy (D:5)
  6 adders
  A gnoll (D:3)
  A shadow imp (D:5)
  An adder skeleton (D:4)
  4 worms
  5 giant geckos
  21 orcs
  4 giant cockroaches
  7 hobgoblins
  8 jackals
  5 kobolds
  4 bats
  A giant newt (D:1)
  6 goblins
  A hobgoblin zombie (D:5)
  A jackal zombie (D:5)
  2 kobold zombies (D:5)
  An orc zombie (D:5)
  5 rats
113 creatures vanquished.

Notes
Turn   | Place    | Note
--------------------------------------------------------------
     0 | D:1      | kaze the Gargoyle Berserker began the quest for the Orb.
     0 | D:1      | Reached XP level 1. HP: 14/14 MP: 1/1
   239 | D:1      | Reached XP level 2. HP: 19/19 MP: 2/2
   707 | D:2      | Noticed Ijyb
   767 | D:2      | Killed Ijyb
   767 | D:2      | Reached XP level 3. HP: 12/24 MP: 3/3
  1023 | D:2      | Reached ** piety under Trog
  1048 | D:2      | Found a basalt altar of Yredelemnul.
  1049 | D:2      | Found an opulent altar of Gozag.
  1210 | D:2      | Found a faded altar to an unknown god.
  1263 | D:2      | Reached XP level 4. HP: 27/29 MP: 4/4
  1729 | D:3      | Reached skill level 4 in Fighting
  1737 | D:3      | Reached XP level 5. HP: 30/33 MP: 5/5
  1964 | D:3      | Found a stormy altar of Qazlal.
  2157 | D:4      | Reached skill level 1 in Maces & Flails
  2233 | D:4      | Reached XP level 6. HP: 37/39 MP: 6/6
  2282 | D:4      | Reached *** piety under Trog
  2327 | D:4      | Found a shattered altar of Ashenzari.
  2549 | D:4      | Noticed a water moccasin
  2558 | D:4      | Killed a water moccasin
  2626 | D:4      | Reached XP level 7. HP: 36/44 MP: 7/7
  2656 | D:5      | Entered Level 5 of the Dungeon
  2854 | D:5      | Noticed Eustachio
  2919 | D:5      | Killed Eustachio
  2919 | D:5      | Reached skill level 5 in Fighting
  3804 | D:6      | Reached skill level 5 in Armour
  3818 | D:6      | Reached XP level 8. HP: 25/50 MP: 7/8
  4120 | D:6      | Found a burning altar of Makhleb.
  4292 | D:6      | Found a staircase to the Ecumenical Temple.
  4397 | D:6      | Reached skill level 6 in Armour
  4687 | D:7      | Found a radiant altar of Vehumet.
  5032 | D:7      | HP: 1/51 [orc warrior/glaive (5)]
  5032 | D:7      | Slain by an orc warrior

Action                   |  1- 3 |  4- 6 |  7- 9 || total
-------------------------+-------+-------+-------++-------
Melee: Unarmed           |   136 |       |       ||   136
       Whip              |    21 |    74 |       ||    95
       Morningstar       |       |   121 |   205 ||   326
Invok: Berserk           |     1 |     1 |     3 ||     5
       Burn Spellbooks   |       |     1 |       ||     1
  Use: Scroll            |       |       |    11 ||    11
  Eat: Bread ration      |     1 |       |     1 ||     2
       Chunk             |       |     1 |     1 ||     2
       Meat ration       |       |     1 |       ||     1
       Beef jerky        |       |       |     1 ||     1
